 Dungeon Crawl Stone Soup version 0.30.0-19-g36f170ea60 (webtiles) character file.

Game seed: 6443830860658031806

1 CaptainMV the Stinger (level 1, 0/13 HPs)
             Began as a Demonspawn Wanderer on May 30, 2023.
             Slain by a goblin
             ... wielding a +0 club
              (3 damage)
             ... on level 1 of the Dungeon.
             The game lasted 00:01:05 (28 turns).

CaptainMV the Stinger (Demonspawn Wanderer)           Turns: 28, Time: 00:01:05

Health: 0/13       AC:  2    Str: 13    XL:     1   Next: 16%
Magic:  1/2        EV: 11    Int: 14    God:
Gold:   0          SH:  0    Dex: 10    Spells: 0/2 levels left

rFire   . . .        a - +0 dagger
rCold   . . .        (no shield)
rNeg    . . .        d - +0 robe
rPois   .            (no helmet)
rElec   .            (no cloak)
rCorr   .            (no gloves)
SInv    .            (no boots)
Will    .....        (no amulet)
Stlth   +            (no ring)
HPRegen 0.22/turn    (no ring)
MPRegen 0.08/turn

%: no passive effects
@: no status effects
A: no striking features
a: no special abilities


You were on level 1 of the Dungeon.
You visited 1 branch of the dungeon, and saw 1 of its levels.

Inventory:

Hand Weapons
 a - a +0 dagger (weapon)
Missiles
 b - 7 poisoned darts (quivered)
Armour
 d - a +0 robe (worn)
Scrolls
 c - a scroll of teleportation


   Skills:
 + Level 1.7 Throwing
 + Level 1.0 Armour
 + Level 1.0 Dodging
 + Level 1.0 Spellcasting
 + Level 1.0 Fire Magic
 + Level 4.0 Poison Magic


You couldn't memorise any spells.
You knew the following spells:

 Your Spells              Type           Power      Damage    Failure   Level
a - Sting                 Tmut/Pois      24%        1d4       12%         1
b - Foxfire               Conj/Fire      8%         2x1d4     22%         1

Your spell library contained the following spells:

 Spells                   Type           Power      Damage    Failure   Level
 Poisonous Vapours        Pois/Air       12%        N/A       17%         2
 Ignite Poison            Fire/Tmut/Pois 5%         N/A       36%         3
 Inner Flame              Hex/Fire       2%         N/A       54%         3


Dungeon Overview and Level Annotations

Branches:
Dungeon (1/15)

Altars:


Message History

Found a mace.
Found a sling.
A goblin comes into view. It is wielding a +0 club.
The goblin shouts!
You hear an angry hiss.
A hobgoblin comes into view.
Casting: Sting (safe; 12% risk of failure)
Confirm with . or Enter, or press ? or * to list all spells.
Aiming: Sting (safe; 12% risk of failure)
Press: ? - help, Shift-Dir - straight line, f - goblin
Aim: a goblin, wielding a +0 club (60% to hit)
You miscast Sting.
You are very lightly contaminated with residual magic.
Nothing appears to happen.
You miss the goblin. You hit the hobgoblin but do no damage.
The goblin barely misses you. The hobgoblin barely misses you.
You barely miss the hobgoblin. The goblin hits you with a +0 club.
The hobgoblin completely misses you.
You barely miss the hobgoblin. The goblin hits you but does no damage.
The hobgoblin hits you but does no damage.
You barely miss the hobgoblin.
A ball python comes into view.
The goblin hits you with a +0 club. The hobgoblin hits you.
You closely miss the hobgoblin.
A ball python comes into view.
The goblin misses you. The hobgoblin hits you.
Your magical contamination has completely faded away.
The ball python hisses angrily.
You hit the hobgoblin.
The hobgoblin is moderately wounded.
The goblin hits you but does no damage. The hobgoblin hits you.
You hit the hobgoblin but do no damage.
The hobgoblin is moderately wounded.
The goblin hits you with a +0 club.
* * * LOW HITPOINT WARNING * * *
The hobgoblin barely misses you.
You barely miss the hobgoblin.
The hobgoblin is moderately wounded.
The ball python barely misses you. x2; The goblin hits you with a +0 club.
You die...

#### ..) ##. .. .
.. #S .. .. #g##
... #.$ . #g@# ....
###.. #.##S##.....
.... #.#.........
####.####...##.....
#≈≈≈.≈§§##..# ....
+.§≈≈§§§'...# ...
#≈.§...≈###..# ##
#≈§.<.≈≈# ...#
#≈§....≈# #..#


You could see a hobgoblin, a goblin and 2 ball pythons.

Vanquished Creatures
  An endoplasm (D:1)
1 creature vanquished.

Notes
Turn   | Place    | Note
-------+----------+-------------------------------------------
     0 | D:1      | CaptainMV the Demonspawn Wanderer began the quest for the
                  | Orb.
     0 | D:1      | CaptainMV set off with the following items: a +0 dagger, 7
                  | poisoned darts, a scroll of teleportation, a +0 robe; and
                  | the following spells available to memorise: Sting,
                  | Poisonous Vapours, Foxfire, Ignite Poison, Inner Flame.
     0 | D:1      | Reached XP level 1. HP: 13/13 MP: 2/2
     2 | D:1      | Learned a level 1 spell: Sting
     4 | D:1      | Learned a level 1 spell: Foxfire
    28 | D:1      | Slain by a goblin

Illustrated notes

Levels and vault maps discovered:
D:1:      ncdulo_lavacross, layout_rooms

Action                     || total
---------------------------++-------
  Melee: Dagger            ||    12
   Cast: Sting             ||     1
 Armour: Robe              ||     3
  Dodge: Dodged            ||     8
